 Dungeon Crawl Stone Soup version 0.25-a0-35-g747a2b3c0c (webtiles) character file.

Game seed: 11881435507666438326, levelgen mode: deterministic

174 Froggeryz the Charmwright (level 5, 0/43 HPs)
             Began as a Gnoll Skald on Oct 19, 2019.
             Slain by a hound (3 damage)
             ... on level 4 of the Dungeon.
             The game lasted 00:05:50 (3380 turns).

Froggeryz the Charmwright (Gnoll Skald)             Turns: 3380, Time: 00:05:50

Health: 0/43       AC:  9    Str: 13    XL:     5   Next: 54%
Magic:  12/12      EV: 11    Int: 16    God:
Gold:   97         SH:  0    Dex: 15    Spells: 13/14 levels left

rFire    . . .     SeeInvis .   a - +0 mace
rCold    . . .     Gourm    .   (no shield)
rNeg     . . .     Faith    .   q - +3 scale mail
rPois    .         Spirit   .   (no helmet)
rElec    .         Reflect  .   (no cloak)
rCorr    .         Harm     .   (no gloves)
MR       .....                  (no boots)
Stlth    +.........             (no amulet)
HPRegen  0.14/turn              (no ring)
MPRegen  0.13/turn              (no ring)

@: about to teleport
A: distributed training, fangs 1, strong nose
a: no special abilities


You were on level 4 of the Dungeon.
You were not hungry.

You visited 1 branch of the dungeon, and saw 4 of its levels.

You collected 97 gold pieces.

Inventory:

Hand Weapons
 a - a +0 mace (weapon)
 l - a cursed -1 great sword
 o - a +0 hunting sling
Missiles
 e - 37 sling bullets
 h - 2 atropa-tipped darts (quivered)
 r - 5 poisoned darts
Armour
 q - a +3 scale mail (worn)
Jewellery
 m - an uncursed ring of flight {unknown}
Wands
 i - a wand of scattershot (7)
Scrolls
 f - 3 scrolls of immolation
 g - 2 scrolls of identify
Potions
 c - 2 potions of flight
 j - 2 potions of haste
Comestibles
 d - 2 rations


   Skills:
 + Level 4.8 Fighting
 + Level 1.5 Short Blades
 + Level 1.5 Long Blades
 + Level 1.5 Axes
 + Level 4.8 Maces & Flails
 + Level 1.5 Polearms
 + Level 1.5 Staves
 + Level 1.5 Slings
 + Level 1.5 Bows
 + Level 1.5 Crossbows
 + Level 1.5 Throwing
 + Level 3.0 Armour
 + Level 4.8 Dodging
 + Level 1.5 Stealth
 + Level 1.5 Shields
 + Level 1.5 Unarmed Combat
 + Level 5.2 Spellcasting
 + Level 1.2 Conjurations
 + Level 1.2 Hexes
 + Level 5.5 Charms
 + Level 1.2 Summonings
 + Level 1.2 Necromancy
 + Level 1.2 Translocations
 + Level 1.2 Transmutations
 + Level 1.2 Fire Magic
 + Level 1.2 Ice Magic
 + Level 1.2 Air Magic
 + Level 1.2 Earth Magic
 + Level 1.2 Poison Magic
 + Level 1.7 Invocations
 + Level 1.5 Evocations


You had 13 spell levels left.
You knew the following spells:

 Your Spells              Type           Power        Failure   Level  Hunger
a - Infusion              Chrm           ###.         7%          1    None

Your spell library contained the following spells:

 Spells                   Type           Power        Failure   Level  Hunger
 Song of Slaying          Chrm           ###.....     11%         2    #......
 Shroud of Golubria       Chrm/Tloc      ###...       26%         2    #......
 Regeneration             Chrm/Necr      ###.......   45%         3    ###....
 Spectral Weapon          Hex/Chrm       ###.....     45%         3    ###....


Dungeon Overview and Level Annotations

Branches:
Dungeon (4/15)
 Temple: D:4-7

Altars:
Trog

Annotations:
D:4 Grinder


Innate Abilities, Weirdness & Mutations

Your experience applies equally to all skills.
You have very sharp teeth.
Your uncanny sense of smell can sniff out nearby items.


Message History

The hound bites you but does no damage. x3
You can move again.
Unknown command.
Unknown command.
As you read the scroll labeled NEWIQO ITHODEO, it crumbles to dust.
You feel strangely unstable.
It was a scroll of teleportation.
The hound bites you.
* * * LOW HITPOINT WARNING * * *
The hound misses you. The hound completely misses you.
Okay, then.
As you read the scroll labeled HAOWEUSHR ZIVIJ, it crumbles to dust.
The scroll dissolves into smoke.
It was a scroll of fog.
The hound bites you.
* * * LOW HITPOINT WARNING * * *
The hound bites you but does no damage. The hound misses you.
You completely miss the worm. Your bite misses the worm.
You hear the slow rusting of a very distant drain.
The hound closely misses you. The hound barely misses you.
The hound bites you but does no damage. x2
The hound bites you.
You die...

##........#.
#...........
###...........
............#
#....§.....#
#..§.§§....#
#.whh§...#
#@§5§..#
########


You could see Grinder, a worm and 2 hounds.

Vanquished Creatures
  Terence (D:2)
  7 adders
  An ooze (D:1)
  2 worms (D:2)
  A leopard gecko (D:3)
  2 orcs (D:3)
  2 ball pythons
  15 bats
  4 giant cockroaches
  10 goblins
  8 hobgoblins
  2 jackals (D:3)
  9 kobolds
  A quokka (D:3)
  7 frilled lizards
  A jackal zombie (D:4)
  5 rats
78 creatures vanquished.

Notes
Turn   | Place    | Note
-------+----------+-------------------------------------------
     0 | D:1      | Froggeryz the Gnoll Skald began the quest for the Orb.
     0 | D:1      | Reached XP level 1. HP: 20/20 MP: 6/6
   446 | D:1      | Reached XP level 2. HP: 26/26 MP: 7/7
  1047 | D:2      | Reached XP level 3. HP: 31/31 MP: 9/9
  1063 | D:2      | Reached skill level 5 in Spellcasting
  1120 | D:2      | You fall into a shaft and drop 1 floor!
  1133 | D:3      | Reached skill level 1 in Invocations
  1566 | D:2      | Reached skill level 1 in Short Blades
  1566 | D:2      | Reached skill level 1 in Long Blades
  1566 | D:2      | Reached skill level 1 in Axes
  1566 | D:2      | Reached skill level 1 in Polearms
  1566 | D:2      | Reached skill level 1 in Staves
  1566 | D:2      | Reached skill level 1 in Slings
  1566 | D:2      | Reached skill level 1 in Bows
  1566 | D:2      | Reached skill level 1 in Crossbows
  1566 | D:2      | Reached skill level 1 in Throwing
  1566 | D:2      | Reached skill level 1 in Stealth
  1566 | D:2      | Reached skill level 1 in Shields
  1566 | D:2      | Reached skill level 1 in Unarmed Combat
  1566 | D:2      | Reached skill level 1 in Evocations
  1566 | D:2      | Reached XP level 4. HP: 22/38 MP: 11/11
  1909 | D:2      | Found a bloodstained altar of Trog.
  2051 | D:2      | Reached skill level 1 in Conjurations
  2051 | D:2      | Reached skill level 1 in Hexes
  2051 | D:2      | Reached skill level 1 in Summonings
  2051 | D:2      | Reached skill level 1 in Necromancy
  2051 | D:2      | Reached skill level 1 in Translocations
  2051 | D:2      | Reached skill level 1 in Transmutations
  2051 | D:2      | Reached skill level 1 in Fire Magic
  2051 | D:2      | Reached skill level 1 in Ice Magic
  2051 | D:2      | Reached skill level 1 in Air Magic
  2051 | D:2      | Reached skill level 1 in Earth Magic
  2051 | D:2      | Reached skill level 1 in Poison Magic
  2416 | D:3      | Reached XP level 5. HP: 43/43 MP: 12/12
  2700 | D:3      | Noticed Terence
  2954 | D:2      | Killed Terence
  3334 | D:4      | Noticed Grinder
  3349 | D:4      | Paralysed by Grinder for 7 turns
  3372 | D:4      | Paralysed by Grinder for 5 turns
  3380 | D:4      | Slain by a hound

Levels and vault maps discovered:
D:1:      dpeg_arrival_stone_temple_mockup, layout_basic
D:2:      layout_rooms, lightli_temple_of_fire, corexii_hall_statues_l,
          grunt_ministairs_7
D:3:      layout_basic, uniq_terence
D:4:      layout_rooms, kennysheep_mini_moat, first_ration,
          portal_sewer_entry_f, uniq_grinder

Skill      XL: |  1  2  3  4  5 |
---------------+----------------+-----
Spellcasting   | 5 |  5.2
Invocations    | 1 |  1.7
Short Blades   | 1 |  1.5
Long Blades    | 1 |  1.5
Axes           | 1 |  1.5
Polearms       | 1 |  1.5
Staves         | 1 |  1.5
Slings         | 1 |  1.5
Bows           | 1 |  1.5
Crossbows      | 1 |  1.5
Throwing       | 1 |  1.5
Stealth        | 1 |  1.5
Shields        | 1 |  1.5
Unarmed Combat | 1 |  1.5
Evocations     | 1 |  1.5
Conjurations   | 1 |  1.2
Hexes          | 1 |  1.2
Summonings     | 1 |  1.2
Necromancy     | 1 |  1.2
Translocations | 1 |  1.2
Transmutations | 1 |  1.2
Fire Magic     | 1 |  1.2
Ice Magic      | 1 |  1.2
Air Magic      | 1 |  1.2
Earth Magic    | 1 |  1.2
Poison Magic   | 1 |  1.2
Armour         | 3 |  3.0
Fighting       | |  4.8
Maces & Flails | |  4.8
Dodging        | |  4.8
Charms         | |  5.5

Action                   |  1- 3 |  4- 6 || total
-------------------------+-------+-------++-------
Melee: Mace              |   123 |   200 ||   323
       Bite              |    13 |    17 ||    30
  Use: Scroll            |     2 |     3 ||     5
       Potion            |       |     3 ||     3
 Stab: Sleeping          |     3 |     1 ||     4
  Eat: Chunk             |     2 |     6 ||     8
Armor: Leather armour    |     4 |       ||     4
       Robe              |    16 |     4 ||    20
       Scale mail        |       |   135 ||   135
       Skin              |       |    90 ||    90
Dodge: Dodged            |   146 |   198 ||   344

Table legend:
 A = Non-vault XP
 B = Vault XP
 C = Vault XP percentage of total XP
 D = Non-vault monster count
 E = Vault monster count
 F = Vault count percentage of total count
                 A         B        C        D         E       F
            +---------+---------+-------+---------+---------+-------
      Total |     207 |      42 |  16.9 |      75 |       3 |   3.8
            +---------+---------+-------+---------+---------+-------
        D:1 |      33 |       0 |   0.0 |      18 |       0 |   0.0
        D:2 |      67 |      42 |  38.5 |      20 |       3 |  13.0
        D:3 |     104 |       0 |   0.0 |      35 |       0 |   0.0
        D:4 |       3 |       0 |   0.0 |       2 |       0 |   0.0
            +---------+---------+-------+---------+---------+-------
